 Dungeon Sprint DCSS version 0.19-a0-1714-gcab94ab (webtiles) character file.

1723 Theye the Impaler (level 9, -4/82 HPs)
             Began as a Naga Gladiator on Sept 28, 2016.
             Was a Priest of Cheibriados.
             Slain by a skeletal warrior
             ... wielding a +0 war axe
              (15 damage)
             ... in the Dungeon (Sprint IX: "|||||||||||||||||||||||||||||").
             The game lasted 00:01:30 (545 turns).

Theye the Impaler (Naga Gladiator)                   Turns: 545, Time: 00:01:30

Health: -4/82      AC: 21    Str: 30    XL:     9   Next: 4%
Magic:  13/14      EV: 11    Int: 17    God:    Cheibriados [***...]
Gold:   0          SH:  0    Dex: 24    Spells: 0 memorised, 8 levels left

rFire  . . .     SeeInvis +     o - +2 halberd (protect)
rCold  . . .     Gourm    .     r - +1 chain mail
rNeg   . . .     Faith    .     (shield currently unavailable)
rPois  +         Spirit   .     c - +0 helmet
rElec  .         Dismiss  .     q - +0 cloak
rCorr  .         Reflect  .     p - +0 pair of gloves
MR     +....     Harm     .     (no barding)
Stlth  .......... NoTele   +    (no amulet)
                                s - +3 ring of dexterity
                                t - +3 ring of strength

@: protection aura, very slow
A: see invisible, deformed body, poison resistance, slowness 2, slow metabolism
1, spit poison 1, AC +3
a: Spit Poison, Bend Time, Temporal Distortion, Renounce Religion


You were in the Dungeon.
You worshipped Cheibriados.
Cheibriados was most pleased with you.
You were not hungry.

You visited 1 branch

Inventory:

Hand Weapons
 a - a +0 trident
 o - a +2 halberd of protection (weapon)
Missiles
 d - 3 throwing nets (quivered)
Armour
 b - a +0 leather armour
 c - a +0 helmet (worn)
 p - a +0 pair of gloves (worn)
 q - a +0 cloak (worn)
 r - a +1 chain mail (worn)
Jewellery
 s - a +3 ring of dexterity (right hand)
 t - a +3 ring of strength (left hand)
Wands
 n - a wand of acid (7/15)
Scrolls
 k - 2 scrolls of blinking
 l - 3 scrolls of remove curse
 m - 2 scrolls of amnesia
Potions
 e - 5 potions of curing
 g - 2 potions of heal wounds
 h - a potion of haste
 i - 4 potions of magic
Comestibles
 f - a bread ration


   Skills:
 + Level 6.1 Fighting
 * Level 15.0 Polearms
 - Level 1.7 Throwing
 + Level 4.2 Armour
 + Level 5.8 Dodging
 * Level 7.3 Invocations


You had 8 spell levels left.
You didn't know any spells.

Dungeon Overview and Level Annotations

Branches:
Dungeon (1/1)

Altars:
Cheibriados
Dithmenos
Elyvilon
Fedhas
Gozag
Hepliaklqana
Kikubaaqudgha
Makhleb
Nemelex Xobeh
Okawaru
Qazlal
Ru
Sif Muna
Trog
Uskayaw
Vehumet
Xom
Yredelemnul
Zin
The Shining One
Beogh
Jiyva
Lugonu


Innate Abilities, Weirdness & Mutations

You cannot wear boots.
Your serpentine skin is tough. (AC +3)
You have supernaturally acute eyesight. (SInv)
Armour fits poorly on your strangely shaped body.
Your system is resistant to poisons. (rPois)
You cover ground very slowly.
You have a slow metabolism.
You can spit poison.


Message History

Unknown command.
You impale the skeletal warrior!!
The skeletal warrior is severely damaged.
You closely miss the skeletal warrior.
The skeletal warrior is severely damaged.
The skeletal warrior hits you with a war axe!
You hit the skeletal warrior but do no damage.
The skeletal warrior is severely damaged.
You closely miss the skeletal warrior.
The skeletal warrior is severely damaged.
The skeletal warrior hits you with a war axe!
* * * LOW HITPOINT WARNING * * *
You are too injured to fight recklessly!
Unknown command.
You are too injured to fight recklessly!
You are too injured to fight recklessly!
You hit the skeletal warrior but do no damage.
The skeletal warrior is severely damaged.
The skeletal warrior hits you with a war axe!
You die... ▓▓▓▓▓▓▓▓▓▓▓▓▓▓▓▓▓▓▓▓▓▓▓▓ .....oz@)....).....)|..' ▓▓▓▓▓▓▓▓▓▓▓▓▓▓▓▓▓▓▓▓▓▓▓▓

You could see a skeletal warrior and an orc.

Vanquished Creatures
  A tengu warrior (D)
  A cyclops (D)
  A gargoyle (D)
  A hippogriff (D)
  An ogre (D)
  A wasp (D)
  A hound (D)
  An iguana (D)
  2 orc wizards (D)
  A shadow imp (D)
  3 orcs (D)
  A bat skeleton (D)
  2 goblins (D)
  A hobgoblin (D)
  2 bats (D)
20 creatures vanquished.

Notes
Turn   | Place    | Note
-------+----------+-------------------------------------------
     0 | D        | Theye the Naga Gladiator began the quest for the Orb.
     0 | D        | Reached XP level 1. HP: 19/19 MP: 1/1
    17 | D        | Reached skill level 4 in Polearms
    71 | D        | Noticed a hound
    71 | D        | Noticed an orc wizard
    73 | D        | Reached XP level 2. HP: 25/26 MP: 2/2
    80 | D        | Reached skill level 6 in Polearms
    80 | D        | Reached XP level 3. HP: 21/33 MP: 3/3
    89 | D        | Reached skill level 7 in Polearms
    89 | D        | Reached XP level 4. HP: 12/40 MP: 4/4
   235 | D        | Found a roughly hewn altar of Beogh.
   235 | D        | Found a snail-covered altar of Cheibriados.
   235 | D        | Found a shadowy altar of Dithmenos.
   235 | D        | Found a white marble altar of Elyvilon.
   235 | D        | Found a blossoming altar of Fedhas.
   235 | D        | Found an opulent altar of Gozag.
   236 | D        | Found a hazy altar of Hepliaklqana.
   237 | D        | Found a viscous altar of Jiyva.
   238 | D        | Found an ancient bone altar of Kikubaaqudgha.
   239 | D        | Became a worshipper of Cheibriados the Contemplative
   240 | D        | Found a corrupted altar of Lugonu.
   241 | D        | Found a burning altar of Makhleb.
   242 | D        | Found a sparkling altar of Nemelex Xobeh.
   243 | D        | Found an iron altar of Okawaru.
   292 | D        | Found a stormy altar of Qazlal.
   293 | D        | Found a sacrificial altar of Ru.
   294 | D        | Found a deep blue altar of Sif Muna.
   295 | D        | Found a bloodstained altar of Trog.
   296 | D        | Found a hide-covered altar of Uskayaw.
   297 | D        | Found a radiant altar of Vehumet.
   298 | D        | Found a shimmering altar of Xom.
   299 | D        | Found a basalt altar of Yredelemnul.
   300 | D        | Found a glowing silver altar of Zin.
   301 | D        | Found a glowing golden altar of the Shining One.
   353 | D        | Noticed a wasp
   353 | D        | Noticed an ogre
   353 | D        | Noticed a hippogriff
   355 | D        | Reached skill level 1 in Invocations
   361 | D        | Killed a hippogriff
   361 | D        | Reached skill level 10 in Polearms
   361 | D        | Reached skill level 1 in Armour
   361 | D        | Reached XP level 5. HP: 43/50 MP: 4/7
   361 | D        | Reached XP level 6. HP: 49/57 MP: 4/8
   365 | D        | Reached * piety under Cheibriados
   365 | D        | Reached skill level 11 in Polearms
   365 | D        | Reached skill level 5 in Dodging
   374 | D        | Killed a wasp
   374 | D        | Reached ** piety under Cheibriados
   374 | D        | Reached XP level 7. HP: 44/66 MP: 5/10
   509 | D        | Noticed a skeletal warrior
   509 | D        | Noticed a tengu warrior
   509 | D        | Noticed a gargoyle
   509 | D        | Noticed a cyclops
   513 | D        | Killed a cyclops
   513 | D        | Reached skill level 5 in Fighting
   513 | D        | Reached skill level 13 in Polearms
   513 | D        | Reached skill level 5 in Invocations
   516 | D        | Killed a gargoyle
   516 | D        | Reached XP level 8. HP: 49/75 MP: 10/12
   526 | D        | Reached *** piety under Cheibriados
   533 | D        | Killed a tengu warrior
   533 | D        | Reached skill level 15 in Polearms
   533 | D        | Reached XP level 9. HP: 41/82 MP: 12/14
   545 | D        | Slain by a skeletal warrior

Vault maps used:
D:        linesprint

Skill      XL: |  1  2  3  4  5  6  7  8 |
---------------+-------------------------+-----
Polearms       | 4 6 7 10 11 13 15 | 15.0
Dodging        | 3 4 5 |  5.8
Fighting       | 4 5 6 |  6.1
Invocations    | 3 4 6 7 |  7.3
Armour         | 1 2 3 4 |  4.2
Throwing       | |  1.7

Action                   |  1- 3 |  4- 6 |  7- 9 || total
-------------------------+-------+-------+-------++-------
Melee: Trident           |    33 |     4 |       ||    37
       Halberd           |       |    20 |    37 ||    57
 Abil: Spit Poison       |     1 |       |       ||     1
  Use: Potion            |     1 |     1 |     1 ||     3
 Stab: Invisible         |       |     4 |       ||     4
Armor: Leather armour    |     7 |       |       ||     7
       Chain mail        |       |    10 |     6 ||    16
Dodge: Dodged            |    20 |    15 |     6 ||    41
